 Dungeon Crawl Stone Soup version 0.32-a0-543-gefe97123c3 (webtiles) character file.

Game seed: 13409102546250546679

81 IndexError the Firebug (level 4, -1/39 HPs)
             Began as an Oni Fire Elementalist on Feb 29, 2024.
             Succumbed to a gnoll's poison
             ... on level 2 of the Dungeon.
             The game lasted 00:07:26 (3063 turns).

IndexError the Firebug (Oni Fire Elementalist)      Turns: 3063, Time: 00:07:27

Health: -1/39      AC:  3    Str: 11 (12) XL:     4   Next: 40%
Magic:  1/9        EV:  9    Int: 15 (18) God:
Gold:   178        SH:  0    Dex:  6 (9)  Spells: 7/10 levels left

rFire   + . .        i - +1 dagger (venom)
rCold   . . .        (no shield)
rNeg    . . .        a - +0 robe
rPois   .            (helmet restricted)
rElec   .            (no cloak)
rCorr   .            (gloves unavailable)
SInv    .            (boots unavailable)
Will    .....        (no amulet)
Stlth   +            p - ring of protection from fire {rF+, !d}
HPRegen 0.26/turn    (no ring)
MPRegen 0.11/turn

%: no passive effects
@: lethally poisoned (-1 -> -4), on berserk cooldown, slowed, very slow
A: large, unfitting armour, horns 1, tough skin 1, double potion healing,
drunken brawling
a: no special abilities


You were on level 2 of the Dungeon.
You visited 1 branch of the dungeon, and saw 3 of its levels.

You collected 178 gold pieces.

Inventory:

Hand Weapons
 i - a +1 dagger of venom (weapon)
   (You found it on level 1 of the Dungeon)
Missiles
 e - 7 poisoned darts
Armour
 a - a +0 robe (worn)
Jewellery
 p - a ring of protection from fire (left hand) {rF+, !d}
   (You found it on level 2 of the Dungeon)
Scrolls
 c - 3 scrolls of identify {unknown}
 d - 2 scrolls of teleportation {unknown}
 g - a scroll of revelation {unknown}
 h - 2 scrolls of summoning {unknown}
 m - a scroll of vulnerability {unknown}
 n - a scroll of poison {unknown}
Potions
 b - 2 potions of magic
 f - a potion of lignification {unknown}
 j - a potion of berserk rage {!q}
 k - a potion of invisibility {unknown}
 o - a potion of brilliance {unknown}


   Skills:
 - Level 1.7 Dodging
 - Level 1.4 Stealth
 + Level 3.5 Spellcasting
 - Level 0.8 Conjurations
 * Level 4.1 Fire Magic


You had 7 spell levels left.
You knew the following spells:

 Your Spells              Type           Power      Damage    Failure   Level
a - Foxfire               Conj/Fire      40%        2x1d6     7%          1
b - Scorch                Fire           28%        2d6       5%          2

Your spell library contained the following spells:

 Spells                   Type           Power      Damage    Failure   Level
 Necrotise                Necr           8%         1d4       19%         1
 Inner Flame              Hex/Fire       8%         N/A       24%         3
 Volatile Blastmotes      Fire/Tloc      16%        2d11      24%         3
 Vampiric Draining        Necr           2%         2d6       50%         3
 Flame Wave               Conj/Fire      10%        2d6       56%         4
 Martyr's Knell           Necr/Summ      2%         N/A       88%         4
 Curse of Agony           Necr           2%         N/A       99%         5


Dungeon Overview and Level Annotations

Branches:
Dungeon (3/15)

Altars:
Vehumet


Innate Abilities, Weirdness & Mutations

You are too large for most types of armour.
You have a pair of small horns on your head.
You have tough skin. (AC +1)
You gain doubled healing and magic from potions.
Whenever you drink a healing potion, you attack all around you.


Message History

You are out of magic!
The foxfire hits the gnoll bouda but does no damage.
You conjure some foxfire!
You now have 0/9 mp.
The foxfire hits the gnoll bouda but does no damage. x2
The gnoll bouda attacks as it pursues you!
The gnoll bouda hits you with a +0 whip.
You take 6 damage, and have 33/39 hp.
The gnoll is no longer moving quickly.
The gnoll bouda gazes fiercely through you!
You feel your attacks grow feeble. The gnoll attacks as it pursues you!
The gnoll hits you from afar with a +0 spear. x2
You take 7 damage, and have 27/39 hp.
The gnoll is no longer moving quickly.
The gnoll attacks as it pursues you! The gnoll hits you but does no damage.
The gnoll is no longer moving quickly.
The gnoll bouda barks out a call to the hunt!
The gnolls pick up the pace!
The gnoll hits you with a +0 club.
A gnoll comes into view. It is wielding a +0 whip.
The gnoll shouts!
You take 3 damage, and have 24/39 hp.
Your attacks no longer feel as feeble.
The gnoll attacks as it pursues you! The gnoll barely misses you.
There is a stone staircase leading up here.
You climb upwards.
There is a stone staircase leading down here.
The gnoll closely misses you. The gnoll attacks as it pursues you!
The gnoll barely misses you. The gnoll closely misses you.
The gnoll attacks as it pursues you! The gnoll closely misses you.
The gnoll attacks as it pursues you! The gnoll barely misses you.
The gnoll closely misses you. The gnoll attacks as it pursues you!
The gnoll hits you with a +0 whip of venom.
You are poisoned.
You take 4 damage, and have 23/39 hp.
You feel very sick.
You take 2 damage, and have 21/39 hp.
You are too injured to fight recklessly!
You are too injured to fight recklessly!
You are too injured to fight recklessly!
You are too injured to fight recklessly!
Casting: Foxfire (safe; 6% risk of failure)
Confirm with . or Enter, or press ? or * to list all spells.
You conjure some foxfire!
You feel sick. The gnoll closely misses you.
You take 2 damage, and have 19/39 hp.
You now have 1/9 mp.
Casting: Foxfire (safe; 6% risk of failure)
Confirm with . or Enter, or press ? or * to list all spells.
You conjure some foxfire!
You feel sick.
The foxfire hits the gnoll. x2
The gnoll completely misses you.
You take 2 damage, and have 17/39 hp.
You now have 0/9 mp.
Casting: Foxfire (safe; 6% risk of failure)
Confirm with . or Enter, or press ? or * to list all spells.
You don't have enough magic to cast this spell.
You feel sick.
The gnoll is no longer moving quickly.
The foxfire hits the gnoll.
The foxfire hits the gnoll but does no damage.
The gnoll hits you with a +0 whip of venom.
* * * LOW HITPOINT WARNING * * *
You are lethally poisoned!
You take 6 damage, and have 11/39 hp.
You barely miss the gnoll.
* * * LOW HITPOINT WARNING * * *
You feel very sick. The gnoll closely misses you.
You hit the gnoll. You headbutt the gnoll.
* * * LOW HITPOINT WARNING * * *
You feel very sick.
* * * LOW HITPOINT WARNING * * *
You feel sick.
Things that are here:
a +0 whip of venom; a gnoll corpse You take 8 damage, and have 3/39 hp.
MASSIVE DAMAGE!!
It was a potion of berserk rage.
A red film seems to cover your vision as you go berserk!
You feel yourself moving faster!
You feel mighty!
* * * LOW HITPOINT WARNING * * *
You feel sick.
You now have 3/58 hp.
You are too berserk!
You feel a strong urge to attack something.
* * * LOW HITPOINT WARNING * * *
You feel sick.
You take 1 damage, and have 2/58 hp.
* * * LOW HITPOINT WARNING * * *
You feel sick.
You take 1 damage, and have 1/58 hp.
You feel your anger nearly subside.
* * * LOW HITPOINT WARNING * * *
You feel sick.
You are no longer berserk.
You are exhausted.
You feel yourself slow down.
You now have 1/39 hp.
It was a potion of degeneration.
There was something very wrong with that liquid.
You feel weakened.
You feel dopey.
You feel clumsy.
You die...

.........<.#...##.## #......##
.......####.)..<..# #.......###
.......# #.......# #.......#..
.......# #.......# #......>..#
###.#..# #.......# ##.......#. #
#...## #.....>.# ##.....##.. #
#..## #.......# #.........#
###...# ##.......# #.......###
##..#.# #......@.# #........#
##.##.# #........### ##.....#.#
#..##.####..........#####...##.##
#.#.........#######....#...###..#
#.#.........# #........## #..#
..#.........# #........# #...
.#####.#.####### #........# ##.#
## #.#.......###........# #.. ##
#.##^.........######## ###


There were no monsters in sight!

Vanquished Creatures
  A gnoll (D:2)
  An adder (D:3)
  3 dart slugs
  A ribbon worm (D:2)
  An orc (D:3)
  6 bats
  4 endoplasms
  3 giant cockroaches
  6 goblins
  8 hobgoblins
  3 quokkas
  5 ball pythons
  2 frilled lizards (D:3)
  2 kobolds
  3 rats
49 creatures vanquished.

Vanquished Creatures (collateral kills)
  3 foxfires (D:1)
3 creatures vanquished.

Vanquished Creatures (others)
  191 foxfires
191 creatures vanquished.

Grand Total: 243 creatures vanquished

Notes
Turn   | Place    | Note
-------+----------+-------------------------------------------
     0 | D:1      | IndexError the Oni Fire Elementalist began the quest for
                  | the Orb.
     0 | D:1      | Reached XP level 1. HP: 16/16 MP: 3/3
   265 | D:1      | Reached skill level 3 in Fire Magic
   432 | D:1      | Reached XP level 2. HP: 24/24 MP: 3/5
   712 | D:1      | Noticed a shining eye
   716 | D:1      | Found a faded altar of an unknown god.
   721 | D:1      | Noticed a golden eye
   725 | D:1      | Noticed a great orb of eyes
   799 | D:1      | Noticed a golden eye
  1196 | D:1      | Reached skill level 3 in Spellcasting
  1196 | D:1      | Reached XP level 3. HP: 31/31 MP: 0/7
  2443 | D:3      | Reached XP level 4. HP: 30/39 MP: 2/8
  2516 | D:3      | Learned a level 2 spell: Scorch
  2888 | D:3      | Found a radiant altar of Vehumet.
  2897 | D:3      | Reached skill level 4 in Fire Magic
  3055 | D:2      | HP: 8/39 [poisoned by a gnoll]
  3057 | D:2      | HP: 3/39 [poisoned by a gnoll]
  3060 | D:2      | HP: 1/58 [poisoned by a gnoll]
  3063 | D:2      | Succumbed to a gnoll's poison

Illustrated notes

Levels and vault maps discovered:
D:1:      lightli_arrival_statuegarden, layout_loops_corners,
          hellmonk_ecumenical_altar_watching_god
D:2:      layout_rooms
D:3:      layout_loops_cross, slow_altar_1, lemuel_crystal_altar,
          hangedman_glass_teeth

Skill      XL: |  1  2  3  4 |
---------------+-------------+-----
Fire Magic     | 3 4 |  4.1
Spellcasting   | 3 |  3.5
Dodging        | |  1.7
Stealth        | |  1.4
Conjurations   | |  0.8

Action                     |  1- 3 |  4- 6 || total
---------------------------+-------+-------++-------
  Melee: Unarmed           |     1 |       ||     1
         Dagger            |    12 |     2 ||    14
         Headbutt          |     3 |     1 ||     4
         Club              |     2 |       ||     2
   Cast: Foxfire           |    97 |    34 ||   131
    Use: Potion            |       |     2 ||     2
 Armour: Robe              |    29 |     9 ||    38
  Dodge: Dodged            |    13 |    10 ||    23

Table legend: (Time is in decaauts)
 A = Elapsed time spent in this place.
 B = Non-inter-level travel time spent in this place.
 C = Inter-level travel time spent in this place.
 D = Time resting spent in this place.
 E = Time spent auto-exploring this place.
 F = Levels seen in this place.
 G = Mean time per level.
                   A        B        C        D        E       F      G
               +--------+--------+--------+--------+--------+-----+--------+
         Total |   3062 |   2891 |    171 |     12 |   2500 |   3 | 1020.7 |
       Dungeon |   3062 |   2891 |    171 |     12 |   2500 |   3 | 1020.7 |
               +--------+--------+--------+--------+--------+-----+--------+

Top non-repeatable levels by time:
     D:1: 1488 daAuts
     D:2: 932 daAuts
     D:3: 641 daAuts

Levels and vault maps discovered:
D:1:      lightli_arrival_statuegarden, layout_loops_corners,
          hellmonk_ecumenical_altar_watching_god
D:2:      layout_rooms
D:3:      layout_loops_cross, slow_altar_1, lemuel_crystal_altar,
          hangedman_glass_teeth

Table legend: (Time is in decaauts)
 A = Elapsed time spent in this place.
 B = Non-inter-level travel time spent in this place.
 C = Inter-level travel time spent in this place.
 D = Time resting spent in this place.
 E = Time spent auto-exploring this place.
 F = Levels seen in this place.
 G = Mean time per level.
                   A        B        C        D        E       F      G
               +--------+--------+--------+--------+--------+-----+--------+
         Total |   3062 |   2891 |    171 |     12 |   2500 |   3 | 1020.7 |
       Dungeon |   3062 |   2891 |    171 |     12 |   2500 |   3 | 1020.7 |
               +--------+--------+--------+--------+--------+-----+--------+

Top non-repeatable levels by time:
     D:1: 1488 daAuts
     D:2: 932 daAuts
     D:3: 641 daAuts

Table legend:
 A = Kills in this place as a percentage of kills in the entire game.
 B = Kills by you in this place as a percentage of kills by you in the entire game.
 C = Kills by friends in this place as a percentage of kills by friends in the entire game.
 D = Other kills in this place as a percentage of other kills in the entire game.
 E = Experience gained in this place as a percentage of experience gained in the entire game.
 F = Experience gained in this place divided by the number of levels of this place that you have seen.
                   A       B       C       D       E      F
               +-------+-------+-------+-------+-------+----------------------
         Total | 100.0 | 100.0 |   N/A |   N/A | 100.0 |  38.7
       Dungeon | 100.0 | 100.0 |   N/A |   N/A | 100.0 |  38.7
               +-------+-------+-------+-------+-------+----------------------
